cohdb
Replays
Latest Replays
All Replays
Popular Replays
Top Player Replays
Match Explorer
How It Works
Community
CoH3 Stats
Reddit
Sign in to upload your games and track your stats! →
Sign in with Steam
Match 42753191
Unlisted
Match 42753191
Overview
Messages
Build Orders
End
Construct Infanterie Kompanie
Selects Terror Battlegroup
Selects Machine Gun Camouflage
MG 42 Machine Gun Team
Grenadier Squad
Grenadier Squad
GrW 34 Mortar Team
Construct Luftwaffe Kompanie
Medical Station
Jäger Squad
Support Elements
Jäger Squad
DKowal
Neoviper
Symbiosis
CAuMOH
0
0
Comments
sign in to comment!
No comments posted yet!